 Dungeon Crawl Stone Soup version 0.23.2-1-ga50397a (webtiles) character file.

Game seed: 1556430075367074189

47 johnnyrequiem the Firebug (level 3, -3/19 HPs)
             Began as a Deep Elf Fire Elementalist on Apr 20, 2019.
             Hit by a javelin thrown by a hobgoblin (4 damage)
             ... on level 2 of the Dungeon.
             The game lasted 00:09:32 (1797 turns).

johnnyrequiem the Firebug (DEFE)                    Turns: 1797, Time: 00:09:33

Health: -3/19      AC:  2    Str:  5    XL:     3   Next: 48%
Magic:  1/10       EV: 13    Int: 20    God:
Gold:   55         SH:  0    Dex: 15    Spells: 3/9 levels left

rFire    . . .     SeeInvis .   g - +0 dagger
rCold    . . .     Gourm    .   (no shield)
rNeg     . . .     Faith    .   a - +0 robe
rPois    .         Spirit   .   (no helmet)
rElec    .         Reflect  .   (no cloak)
rCorr    .         Harm     .   (no gloves)
MR       .....                  (no boots)
Stlth    ++........             (no amulet)
HPRegen  0.06/turn              (no ring)
MPRegen  0.12/turn              (no ring)

@: very slightly contaminated
A: no striking features
a: no special abilities


You were on level 2 of the Dungeon.
You were not hungry.

You visited 1 branch of the dungeon, and saw 2 of its levels.

You collected 55 gold pieces.

Inventory:

Hand Weapons
 g - a +0 dagger (weapon)
Missiles
 h - 26 sling bullets
 i - 26 bolts
 j - 18 poisoned needles
 k - 20 arrows
Armour
 a - a +0 robe (worn)
Scrolls
 l - a scroll of enchant weapon {unknown}
 m - a scroll of noise {unknown}
Potions
 b - a potion of brilliance {unknown}
 d - a potion of heal wounds
 e - a potion of flight {unknown}
 f - 2 potions of haste {unknown}
Comestibles
 c - a ration


   Skills:
 + Level 2.8 Dodging
 + Level 3.2 Stealth
 + Level 0.3 Unarmed Combat
 + Level 3.6 Spellcasting
 + Level 1.4 Conjurations
 + Level 3.8 Fire Magic


You had 3 spell levels left.
You knew the following spells:

 Your Spells              Type           Power        Failure   Level  Hunger
a - Flame Tongue          Conj/Fire      ##...        4%          1    None
b - Throw Flame           Conj/Fire      ##....       7%          2    ##.....
c - Conjure Flame         Conj/Fire      ##......     14%         3    ###....

Your spell library contained the following spells:

 Spells                   Type           Power        Failure   Level  Hunger
 Inner Flame              Hex/Fire       ##......     19%         3    ###....
 Sticky Flame             Conj/Fire      ##......     41%         4    ####...
 Fireball                 Conj/Fire      ##........   77%         5    ######.


Dungeon Overview and Level Annotations

Branches:
Dungeon (2/15)

Altars:

Annotations:
D:2 Sigmund


Message History

Your surroundings suddenly seem different.
A hobgoblin comes into view. It is wielding a +0 club.
The hobgoblin throws a javelin.
The javelin barely misses you.
You see here a javelin.
Casting: Throw Flame (safe; 7% risk of failure)
Confirm with . or Enter, or press ? or * to list all spells.
Aiming: Throw Flame (safe; 7% risk of failure)
Press: ? - help, Shift-Dir - straight line, f - hobgoblin
Aim: a hobgoblin, wielding a +0 club You miscast Throw Flame.
You are very lightly contaminated with residual magic.
Wisps of smoke drift from your hands.
The hobgoblin throws a javelin.
The javelin barely misses you.
Casting: Throw Flame (safe; 7% risk of failure)
Confirm with . or Enter, or press ? or * to list all spells.
You can't see any susceptible monsters within range! (Use Z to cast anyway.)
The hobgoblin throws a javelin.
The javelin hits you!
* * * LOW HITPOINT WARNING * * *
The hobgoblin throws a javelin.
The javelin hits you.
You die...

#.# #.# ####.####.#
### ##
........#.###.###..
#......)..........
#.#.#..#.#.....#.
#<#.#.##.##...##
#.###.#.#.##.###.##
#...(........# #.#
#####@######## #.#
#.# ##'## #.#
##...## #.g.#
##.....## #...#
#.......## #....
#.........# #.....
+.........' ##...##
#.........# #..##
##.......##


You could see a hobgoblin.

Vanquished Creatures
  An adder (D:2)
  An ooze (D:1)
  2 worms (D:2)
  2 dart slugs (D:1)
  2 bats (D:1)
  A giant cockroach (D:2)
  A goblin (D:1)
  4 hobgoblins
  4 jackals (D:1)
  3 frilled lizards (D:1)
  2 kobolds (D:1)
  2 rats (D:1)
25 creatures vanquished.

Notes
Turn   | Place    | Note
-------+----------+-------------------------------------------
     0 | D:1      | johnnyrequiem the Deep Elf Fire Elementalist began the
                  | quest for the Orb.
     0 | D:1      | Reached XP level 1. HP: 10/10 MP: 6/6
   221 | D:1      | Reached XP level 2. HP: 15/15 MP: 1/8
   456 | D:1      | Learned a level 2 spell: Throw Flame
  1188 | D:2      | Reached XP level 3. HP: 19/19 MP: 6/9
  1219 | D:2      | Learned a level 3 spell: Conjure Flame
  1228 | D:2      | Noticed Sigmund
  1797 | D:2      | Hit by a javelin thrown by a hobgoblin

Skill      XL: |  1  2  3 |
---------------+----------+-----
Stealth        | 3 |  3.2
Dodging        | |  2.8
Unarmed Combat | |  0.3
Spellcasting   | |  3.6
Conjurations   | |  1.4
Fire Magic     | |  3.8

Action                   || total
-------------------------++-------
Melee: Unarmed           ||    28
       Dagger            ||    13
 Cast: Flame Tongue      ||    26
       Throw Flame       ||    28
       Conjure Flame     ||     1
  Eat: Ration            ||     1
Armor: Robe              ||    14
Dodge: Dodged            ||    55
